 Dungeon Crawl Stone Soup version 0.17-a0-547-g5e20af8 (webtiles) character file.

169 kroki the Skirmisher (level 5, -4/48 HPs)
             Began as a Minotaur Air Elementalist on Apr 13, 2015.
             Was an Initiate of Ashenzari.
             Killed by nerve-wracking pain
             ... invoked by an orc priest
              (13 damage)
             ... on level 3 of the Dungeon.
             The game lasted 00:07:01 (3678 turns).

kroki the Skirmisher (Minotaur Air Elementalist)    Turns: 3678, Time: 00:07:01

Health: -4/48      AC:  7    Str: 14    XL:     5   Next: 25%
Magic:  6/6        EV: 11    Int: 12    God:    Ashenzari [......]
Gold:   111        SH:  0    Dex: 10    Spells: 1 memorised, 5 levels left

rFire  . . .     SeeInvis .     p - +4 quarterstaff (chaos)
rCold  . . .     Clarity  .     r - +0 ring mail (curse)
rNeg   . . .     SustAb   .     (no shield)
rPois  .         Gourm    .     (helmet restricted)
rElec  .         Spirit   .     k - +1 cloak (curse)
rCorr  .         Warding  .     (no gloves)
rMut   .         Stasis   .     (no boots)
MR     .....                    (no amulet)
Stlth  +.........               (no ring)
                                (no ring)

@: not resistant to hostile enchantments, very unstealthy
A: retaliatory headbutt, horns 2
a: Renounce Religion


You were on level 3 of the Dungeon.
You worshipped Ashenzari.
Ashenzari was noncommittal.
You were not hungry.

You visited 1 branch of the dungeon, and saw 3 of its levels.

You collected 111 gold pieces.

Inventory:

Hand weapons
 d - a +0 dagger
   (You took it off a kobold on level 1 of the Dungeon)
 o - a +0 hand axe
   (You found it on level 2 of the Dungeon)
 p - a +4 quarterstaff of chaos (weapon)
   (You took it off Crazy Yiuf on level 3 of the Dungeon)
Missiles
 f - 8 poisoned needles
 n - 30 stones (quivered)
Armour
 a - a +1 robe
 g - a +0 leather armour
   (You found it on level 1 of the Dungeon)
 k - a cursed +1 cloak (worn)
   (You took it off Crazy Yiuf on level 3 of the Dungeon)
 r - a cursed +0 ring mail (worn)
   (You found it on level 2 of the Dungeon)
Jewellery
 i - a cursed -3 ring of evasion
   (You found it on level 3 of the Dungeon)
Scrolls
 j - 2 scrolls of curse armour
 s - 2 scrolls of curse jewellery
Potions
 q - a potion of cancellation
Books
 b - a book of Air

   Spells                             Type                      Level
   a - Shock                          Conjuration/Air              1
   b - Swiftness                      Charms/Air                   2
   c - Repel Missiles                 Charms/Air                   2
   d - Flight                         Charms/Air                   3
   e - Static Discharge               Conjuration/Air              3
   f - Lightning Bolt                 Conjuration/Air              5
Comestibles
 c - a bread ration
 l - 2 meat rations
 m - a slice of pizza
 t - a beef jerky


   Skills:
 - Level 5.1 Fighting
 - Level 0.9 Short Blades
 - Level 2.5 Axes
 + Level 0.0 Staves
 - Level 2.1 Dodging
 - Level 1.5 Stealth
 - Level 1.3 Spellcasting
 - Level 0.6 Conjurations
 - Level 2.1 Air Magic


You had 5 spell levels left.
You knew the following spells:

 Your Spells              Type           Power        Failure   Level  Hunger
a - Shock                 Conj/Air       #...         38%         1    ##.....


Dungeon Overview and Level Annotations

Branches:
Dungeon (3/15)

Altars:
Ashenzari

Annotations:
D:1 exclusion: jackal
D:2 exclusions: adder, gnoll and 1 more exclusion
D:3 exclusion: adder, Grinder


Innate Abilities, Weirdness & Mutations

You reflexively headbutt those who attack you in melee.
You have a pair of horns on your head.


Message History

Grinder shouts!
Grinder gestures.
Grinder blinks!
You hear a zap.
You hear a grinding noise.
You see here a cursed +0 leather armour.
Grinder is nearby!
Grinder is nearby!
Grinder gestures at you.
You suddenly lose the ability to move!
Grinder gestures at you. Pain shoots through your body!
You hear a zap.
You hear a grinding noise.
Grinder hits you.
You writhe in agony.
You writhe in agony.
Grinder hits you but does no damage.
You can move again.
Drink which item? (? for menu, Esc to quit)
Okay, then.
You closely miss Grinder. Your headbutt misses Grinder. Grinder hits you.
You writhe in agony.
Grinder hits you.
You writhe in agony.
You thump Grinder! You freeze Grinder. Your headbutt misses Grinder.
Grinder is moderately wounded.
You hear a zap.
You hear a grinding noise.
Grinder closely misses you.
You closely miss Grinder.
Grinder is moderately wounded.
Grinder says, "You look like you could use a good racking."
Grinder barely misses you.
You hear a zap.
You hear a grinding noise.
Unknown command.
You sock Grinder!
You heal Grinder.
Grinder is completely healed.
Grinder closely misses you.
Drink which item? (? for menu, Esc to quit)
You feel better. Grinder gestures at you.
You barely resist. You sock Grinder! You burn Grinder.
Grinder is moderately wounded.
Grinder gestures at you. Pain shoots through your body!
Grinder gestures.
Grinder blinks!
Unknown command.
Grinder zaps a wand.
You hear a grinding noise.
It is a wand of digging.
Read which item? (? for menu, Esc to quit)
Okay, then.
Found a bread ration.
Grinder zaps a wand.
Some rock shatters into small pieces.
You open the door. 4 orcs and an orc priest come into view.
The orc shouts!
The orc priest shouts!
The orc shouts!
The orc shouts!
Unknown command.
Unknown command.
Grinder hits you but does no damage.
Unknown command.
Grinder says, "Mostly I couldn't keep them alive."
Grinder hits you. Grinder hits you!
* * * LOW HITPOINT WARNING * * *
The orc priest mumbles some strange prayers to Beogh against you.
Pain shoots through your body!
You die...

#.# #.......# ##.o.##
#.# #.##.##.# ##'##
..# #.##.##.# #o# ###
#.##.##.# #o#
#.##....# ##o## #.####
##...####### #.#
#........%.. #.####
#.5?...#####
#....#######@.$#..#
####..............#
######.##...##.# #
#...# .# ...[##.#
########### ##......#
.........#######..####
##.######..........#
....#####.#######..#


You could see Grinder, an orc priest and 2 orcs.

Vanquished Creatures
  Crazy Yiuf (D:3)
  Natasha (D:3)
  6 adders
  A worm (D:3)
  4 orcs (D:3)
  5 giant cockroaches
  6 goblins
  4 hobgoblins
  2 jackals (D:1)
  9 kobolds
  2 ball pythons
  5 bats
  4 giant geckos
  2 giant newts
  5 rats
57 creatures vanquished.

Notes
Turn   | Place    | Note
--------------------------------------------------------------
     0 | D:1      | kroki, the Minotaur Air Elementalist, began the quest for the Orb.
     0 | D:1      | Reached XP level 1. HP: 14/14 MP: 1/1
   273 | D:1      | Reached skill level 1 in Fighting
   655 | D:1      | Reached skill level 2 in Fighting
   655 | D:1      | Reached XP level 2. HP: 18/24 MP: 3/3
  1314 | D:1      | Reached skill level 3 in Fighting
  1451 | D:2      | Reached XP level 3. HP: 31/31 MP: 0/4
  1676 | D:2      | Found a shattered altar of Ashenzari.
  1687 | D:2      | Became a worshipper of Ashenzari the Shackled
  2625 | D:3      | Reached skill level 1 in Axes
  2625 | D:3      | Reached XP level 4. HP: 18/40 MP: 0/5
  3040 | D:2      | Reached skill level 2 in Axes
  3479 | D:3      | Reached skill level 4 in Fighting
  3530 | D:3      | Noticed Crazy Yiuf
  3541 | D:3      | Killed Crazy Yiuf
  3541 | D:3      | Reached XP level 5. HP: 29/47 MP: 6/6
  3616 | D:3      | Noticed Natasha
  3620 | D:3      | Killed Natasha
  3620 | D:3      | Reached skill level 5 in Fighting
  3649 | D:3      | Noticed Grinder
  3652 | D:3      | Paralysed by Grinder for 5 turns
  3678 | D:3      | Killed from afar by an orc priest

Action                   |  1- 3 |  4- 6 || total
-------------------------+-------+-------++-------
Melee: Dagger            |   107 |       ||   107
       Unarmed           |    10 |       ||    10
       Hand axe          |    16 |    45 ||    61
       Quarterstaff      |       |     7 ||     7
Throw: Stone             |    22 |     3 ||    25
 Cast: Shock             |    10 |     1 ||    11
  Use: Scroll            |     2 |     8 ||    10
       Potion            |       |     4 ||     4
 Stab: Sleeping          |     1 |       ||     1
  Eat: Chunk             |     4 |     1 ||     5
       Bread ration      |     1 |       ||     1
